Bruins vs Maple Leafs

Created - 12 mars 2022 at 16:30

Goals
1 2 3 T
Bruins 2 2 2 6
Maple Leafs 1 1 2 4
Shots
1 2 3 T
Bruins 7 12 7 26
Maple Leafs 19 7 12 38

GoalsPenalties
1st period
1. Bruins , Sam Reinhart 20 (Tomas Hertl 47) at 0:19
2. Maple Leafs , Taylor Hall 19 (Max Domi 23, Eric Staal 6) at 1:53 (PP)
3. Bruins , Tomas Hertl 30 (Mattias Ekholm 46, Jack Eichel 44) at 11:10 (PP)
Olli Maatta (BOS) for Tripping (Minor) at 1:37
Carter Verhaeghe (BOS) for Hooking (Minor) at 2:04
Brenden Dillon (BOS) for High sticking (Minor) at 7:49
Erik Karlsson (TOR) for Holding (Minor) at 10:55
Olli Maatta (BOS) for Tripping (Minor) at 16:13
2nd period
4. Bruins , Matthew Nieto 11 (Tomas Hertl 48) at 7:50 (SH)
5. Maple Leafs , Taylor Hall 20 (Erik Karlsson 36, Brendan Gallagher 24) at 10:21
6. Bruins , Jack Eichel 32 (Sam Reinhart 22, Jack Campbell) at 14:22 (PP)
Joel Edmundson (BOS) for Tripping (Minor) at 7:28
Alexander Radulov (TOR) for Roughing (Minor) at 10:22
Patrik Laine (TOR) for Hooking (Minor) at 12:39
Brendan Gallagher (TOR) for Holding (Minor) at 17:45
3rd period
7. Bruins , Cole Caufield 11 (Mario Ferraro 22, Derek Stepan 13) at 0:42
8. Maple Leafs , Jake Evans 8 (William Carrier 3, Greg Pateryn 7) at 3:01
9. Maple Leafs , Erik Karlsson 13 (William Carrier 4, Jake Evans 16) at 5:14 (SH)
10. Bruins , Kirby Dach 19 (Brenden Dillon 21, Mario Ferraro 23) at 5:38
Dougie Hamilton (TOR) for Interference (Minor) at 3:24
Carter Verhaeghe (BOS) for Slashing (Minor) at 13:41
Goalie Stats
Jack Campbell (BOS), 34 saves from 38 shots - (0,895), W, 27-14-5, 60:00 minutes
Juuse Saros (TOR), 10 saves from 14 shots - (0,714), 34:22 minutes
Aaron Dell (TOR), 10 saves from 12 shots - (0,833), L, 4-7-2, 25:38 minutes
3 StarsOfficial
1 - Tomas Hertl (BOS)
2 - Jack Eichel (BOS)
3 - Jake Evans (TOR)
Referees : Tim Peel and Dan O'Halloran
Linesman : Derek Nansen and Don Henderson
Game Note
Aaron Dell enters game at 14:22 of 2nd period



Team Name Goals Shots Shots Attemp Shots Blocked PIM HIT PP PK FO%
Bruins 62642912202 / 5 (40%)138%
Maple Leafs 43878510211 / 6 (17%)262%

Bruins
Player Name POS G A P +/- PIM HIT SHT SB MP PP MP PP SHT PK MP PK SHT FO% FOT
Brenden DillonD0112220117:220:1504:1800% 0
Bryan LittleC/RW000-1011016:053:1610:43030% 20
Carter VerhaegheC/LW/RW000-1412115:203:1600:0000% 0
Cole CaufieldRW1011001011:054:1500:0000% 0
Derek StepanC011102009:590:0003:09053% 15
Dominik KubalikLW/RW0000003013:563:2520:360100% 1
Haydn FleuryD000-1010112:260:0000:0000% 0
Jack EichelC112-1044017:424:3920:00025% 24
Jakub VoracekLW/RW000-1012015:223:1610:0000% 1
Joel EdmundsonD0001220124:033:1904:0700% 0
Kirby DachC/RW1011001013:190:1503:0900% 0
Mario FerraroD0221011218:561:4304:2300% 0
Matthew NietoLW/RW1012001113:240:1506:1910% 1
Mattias EkholmD0111011225:582:5316:2700% 0
Nick SchmaltzC/RW000101109:550:0000:00036% 14
Olli MaattaD000-1410013:310:0001:0700% 0
Sam ReinhartC/RW112-1005017:274:2400:00050% 2
Tomas HertlC/LW1230023023:534:2426:26056% 16
Maple Leafs
Player Name POS G A P +/- PIM HIT SHT SB MP PP MP PP SHT PK MP PK SHT FO% FOT
Alexander RadulovLW/RW000-3235018:145:1120:0000% 0
Brendan GallagherRW0110222019:215:0010:0000% 1
Dougie HamiltonD000-1220119:510:0002:5700% 0
Eric StaalC011-2003018:045:0010:00061% 31
Erik KarlssonD1120203020:504:3800:4410% 0
Greg PaterynD0111010213:440:0004:1400% 0
Jaccob SlavinD0000031021:000:0004:0500% 0
Jake EvansC/RW1122011010:340:0004:15067% 3
Jake GardinerD0000003015:035:3330:0000% 0
Marcus PetterssonD000-1020119:190:0003:5000% 0
Max DomiC/LW0111013010:505:0030:00060% 5
Michael GrabnerLW/RW0000011011:490:0003:400100% 1
Noel AcciariC/LW0000011118:310:0003:40077% 26
Patrik LaineLW/RW000-2215017:414:3830:0000% 1
Pius SuterC000-1003013:205:1120:00045% 22
Rudolfs BalcersLW000-1012013:205:1120:00050% 2
Taylor HallLW202-1015019:555:3320:000100% 1
William CarrierLW0222010010:340:0004:150100% 1

Bruins

5 vs 5 Forward
Line #Left WingCenterRight WingPHYDFOFWanted %Time %Time Play
1Tomas HertlJack EichelSam Reinhart0143431%13:03
2Carter VerhaegheBryan LittleJakub Voracek0232729%12:06
3Dominik KubalikNick SchmaltzKirby Dach0232224%9:55
4Matthew NietoDerek StepanCole Caufield0321716%6:50
5 vs 5 Defense
Line #DefenseDefensePHYDFOFWanted %Time %Time Play
1Mattias EkholmJoel Edmundson0414139%16:26
2Brenden DillonMario Ferraro1313031%12:50
3Haydn FleuryOlli Maatta0321930%12:26
4Mattias EkholmJoel Edmundson014100%0:12
Power Play Forward
Line #Left WingCenterRight WingPHYDFOFWanted %Time %Time Play
1Tomas HertlJack EichelSam Reinhart0056059%4:39
2Carter VerhaegheBryan LittleJakub Voracek0054041%3:16
Power Play Defense
Line #DefenseDefensePHYDFOFWanted %Time %Time Play
1Mattias EkholmDominik Kubalik0056043%3:25
2Joel EdmundsonCole Caufield0144057%4:30
Penalty Kill 4 Players Forward
Line #CenterWingPHYDFOFWanted %Time %Time Play
1Tomas HertlMatthew Nieto0506069%7:02
2Derek StepanKirby Dach0504031%3:09
Penalty Kill 4 Players Defense
Line #DefenseDefensePHYDFOFWanted %Time %Time Play
1Brenden DillonMattias Ekholm2306056%5:42
2Joel EdmundsonMario Ferraro0504044%4:29
Penalty Kill 3 Players
Line #WingPHYDFOFWanted %Time %Time PlayDefenseDefensePHYDFOFWanted %Time %Time Play
1Matthew Nieto050500%0:00 Mattias EkholmBrenden Dillon050600%0:00
2Tomas Hertl050500%0:00 Joel EdmundsonMario Ferraro050400%0:00
4 vs 4 Forward
Line #CenterWingPHYDFOFWanted %Time %Time Play
1Jack EichelTomas Hertl014500%0:00
2Bryan LittleSam Reinhart023500%0:00
4 vs 4 Defense
Line #DefensePHYDFOFWanted %Time %Time Play
1Mattias EkholmJoel Edmundson023500%0:00
2Mario FerraroBrenden Dillon131500%0:00
Last Minutes Offensive
Left WingCenterRight WingDefenseDefense
Jack EichelTomas HertlSam ReinhartMattias EkholmJoel Edmundson
Last Minutes Defensive
Left WingCenterRight WingDefenseDefense
Tomas HertlDerek StepanMatthew NietoMattias EkholmJoel Edmundson
Time
Total ForwardTotal DefenseLast Minutes OffensiveLast Minutes Defensive
60:00 60:00 0:000:00
Extra Forwards
Normal PowerPlayPenalty Kill
Tomas Hertl, Jack Eichel, Sam ReinhartTomas Hertl, Jakub VoracekBryan Little
Extra Defensemen
Normal PowerPlayPenalty Kill
Mattias Ekholm, Joel Edmundson, Brenden DillonMario Ferraro, Mattias EkholmJoel Edmundson
Penalty Shots
Jack Eichel, Dominik Kubalik, Sam Reinhart, Tomas Hertl, Carter Verhaeghe
Goalie
Jack Campbell, Alexandar Georgiev
Custom OT Lines Forwards
Jack Eichel, Dominik Kubalik, Tomas Hertl, Sam Reinhart, Carter Verhaeghe, Jakub Voracek, Kirby Dach, Nick Schmaltz, Cole Caufield, Bryan Little
Custom OT Lines Defensemen
Joel Edmundson, Mattias Ekholm, Brenden Dillon, Mario Ferraro, Olli Maatta
Scratches
Evgeny Svechnikov (Healthy), Jake Virtanen (Healthy), Patrick Marleau (Healthy)

Maple Leafs

5 vs 5 Forward
Line #Left WingCenterRight WingPHYDFOFWanted %Time %Time Play
1Taylor HallNoel AcciariBrendan Gallagher0053534%14:22
2Patrik LaineEric StaalAlexander Radulov0143031%13:04
3Rudolfs BalcersPius SuterMichael Grabner0142019%8:09
4William CarrierMax DomiJake Evans0141515%6:19
5 vs 5 Defense
Line #DefenseDefensePHYDFOFWanted %Time %Time Play
1Jaccob SlavinDougie Hamilton0413537%15:20
2Marcus PetterssonErik Karlsson0233337%15:29
3Jake GardinerGreg Pateryn0502223%9:30
4Jaccob SlavinDougie Hamilton032104%1:35
Power Play Forward
Line #Left WingCenterRight WingPHYDFOFWanted %Time %Time Play
1Max DomiEric StaalBrendan Gallagher0055049%5:00
2Rudolfs BalcersPius SuterAlexander Radulov0055051%5:11
Power Play Defense
Line #DefenseDefensePHYDFOFWanted %Time %Time Play
1Taylor HallJake Gardiner0325055%5:33
2Patrik LaineErik Karlsson0325045%4:38
Penalty Kill 4 Players Forward
Line #CenterWingPHYDFOFWanted %Time %Time Play
1Noel AcciariMichael Grabner0325046%3:40
2Jake EvansWilliam Carrier0415054%4:15
Penalty Kill 4 Players Defense
Line #DefenseDefensePHYDFOFWanted %Time %Time Play
1Marcus PetterssonGreg Pateryn0505048%3:50
2Jaccob SlavinDougie Hamilton0505052%4:05
Penalty Kill 3 Players
Line #WingPHYDFOFWanted %Time %Time PlayDefenseDefensePHYDFOFWanted %Time %Time Play
1Noel Acciari041500%0:00 Marcus PetterssonGreg Pateryn140500%0:00
2Jake Evans041500%0:00 Jaccob SlavinDougie Hamilton140500%0:00
4 vs 4 Forward
Line #CenterWingPHYDFOFWanted %Time %Time Play
1Taylor HallBrendan Gallagher014500%0:00
2Max DomiPatrik Laine014500%0:00
4 vs 4 Defense
Line #DefensePHYDFOFWanted %Time %Time Play
1Jaccob SlavinDougie Hamilton041500%0:00
2Marcus PetterssonErik Karlsson041500%0:00
Last Minutes Offensive
Left WingCenterRight WingDefenseDefense
Taylor HallEric StaalBrendan GallagherErik KarlssonDougie Hamilton
Last Minutes Defensive
Left WingCenterRight WingDefenseDefense
Michael GrabnerNoel AcciariJake EvansJaccob SlavinDougie Hamilton
Time
Total ForwardTotal DefenseLast Minutes OffensiveLast Minutes Defensive
60:00 60:00 0:000:00
Extra Forwards
Normal PowerPlayPenalty Kill
Patrik Laine, Taylor Hall, Brendan GallagherAlexander Radulov, Rudolfs BalcersPatrik Laine
Extra Defensemen
Normal PowerPlayPenalty Kill
Erik Karlsson, Dougie Hamilton, Jaccob SlavinMarcus Pettersson, Jaccob SlavinGreg Pateryn
Penalty Shots
Taylor Hall, Patrik Laine, Max Domi, Alexander Radulov, Brendan Gallagher
Goalie
Juuse Saros, Aaron Dell
Custom OT Lines Forwards
Patrik Laine, Max Domi, Taylor Hall, Brendan Gallagher, Eric Staal, Alexander Radulov, Noel Acciari, Jake Evans, Pius Suter, Rudolfs Balcers
Custom OT Lines Defensemen
Dougie Hamilton, Jaccob Slavin, Erik Karlsson, Greg Pateryn, Marcus Pettersson
Scratches
Brendan Smith (Healthy), Antoine Roussel (Healthy), Ondrej Kase (Healthy)


Play-by-Play

1st period


0:01 of 1st period - Noel Acciari wins face-off versus Jack Eichel in neutral zone.
0:19 of 1st period - Shot by Sam Reinhart.
0:19 of 1st period - Goal by Sam Reinhart - Bruins : 1 - Maple Leafs : 0.
0:20 of 1st period - Eric Staal wins face-off versus Bryan Little in neutral zone.
0:25 of 1st period - Shot by Patrik Laine.
0:25 of 1st period - Shot Misses the Net.
0:30 of 1st period - Off-side.
0:31 of 1st period - Pius Suter wins face-off versus Nick Schmaltz in neutral zone.
1:36 of 1st period - Shot by Alexander Radulov.
1:36 of 1st period - Shot Misses the Net.
1:37 of 1st period - Minor Penalty to Olli Maatta for Tripping.
1:38 of 1st period - Tomas Hertl wins face-off versus Brendan Gallagher in Bruins zone.
1:47 of 1st period - Shot by Patrik Laine.
1:47 of 1st period - Stopped by Jack Campbell without a rebound.
1:48 of 1st period - Eric Staal wins face-off versus Tomas Hertl in Bruins zone.
1:53 of 1st period - Shot by Taylor Hall.
1:53 of 1st period - Goal by Taylor Hall - Bruins : 1 - Maple Leafs : 1.
1:54 of 1st period - Bryan Little wins face-off versus Noel Acciari in neutral zone.
2:04 of 1st period - Minor Penalty to Carter Verhaeghe for Hooking.
2:05 of 1st period - Pius Suter wins face-off versus Tomas Hertl in Bruins zone.
2:10 of 1st period - Shot by Alexander Radulov.
2:10 of 1st period - Shot Blocked by Matthew Nieto.
2:12 of 1st period - Shot by Pius Suter.
2:12 of 1st period - Shot Misses the Net.
2:14 of 1st period - Shot by Pius Suter.
2:14 of 1st period - Stopped by Jack Campbell with a rebound.
2:26 of 1st period - Shot by Alexander Radulov.
2:26 of 1st period - Stopped by Jack Campbell without a rebound.
2:27 of 1st period - Derek Stepan wins face-off versus Eric Staal in Bruins zone.
2:27 of 1st period - Derek Stepan is hit by Max Domi.
2:39 of 1st period - Shot by Patrik Laine.
2:39 of 1st period - Stopped by Jack Campbell without a rebound.
2:40 of 1st period - Tomas Hertl wins face-off versus Pius Suter in Bruins zone.
2:40 of 1st period - Tomas Hertl is hit by Alexander Radulov.
2:48 of 1st period - Shot by Jake Gardiner.
2:48 of 1st period - Stopped by Jack Campbell without a rebound.
2:49 of 1st period - Eric Staal wins face-off versus Derek Stepan in Bruins zone.
2:52 of 1st period - Shot by Brendan Gallagher.
2:52 of 1st period - Deflect By Max Domi.
2:52 of 1st period - Stopped by Jack Campbell with a rebound.
3:50 of 1st period - Shot by Rudolfs Balcers.
3:50 of 1st period - Stopped by Jack Campbell without a rebound.
3:51 of 1st period - Derek Stepan wins face-off versus Pius Suter in Bruins zone.
4:35 of 1st period - Icing by Olli Maatta.
4:36 of 1st period - Noel Acciari wins face-off versus Bryan Little in Bruins zone.
4:55 of 1st period - Shot by Taylor Hall.
4:55 of 1st period - Shot Misses the Net.
5:03 of 1st period - Shot by Noel Acciari.
5:03 of 1st period - Shot Blocked by Carter Verhaeghe.
5:05 of 1st period - Shot by Erik Karlsson.
5:05 of 1st period - Shot Misses the Net.
5:07 of 1st period - Shot by Noel Acciari.
5:07 of 1st period - Stopped by Jack Campbell without a rebound.
5:08 of 1st period - Jack Eichel wins face-off versus Eric Staal in Bruins zone.
5:08 of 1st period - Jack Eichel is hit by Patrik Laine.
5:26 of 1st period - Shot by Sam Reinhart.
5:26 of 1st period - Stopped by Juuse Saros without a rebound.
5:27 of 1st period - Pius Suter wins face-off versus Derek Stepan in Maple Leafs zone.
5:27 of 1st period - Pius Suter is hit by Derek Stepan.
5:52 of 1st period - Mario Ferraro is hit by Greg Pateryn and loses puck.
6:16 of 1st period - Icing by Greg Pateryn.
6:17 of 1st period - Pius Suter wins face-off versus Jack Eichel in Maple Leafs zone.
6:17 of 1st period - Pius Suter is hit by Tomas Hertl.
6:29 of 1st period - Greg Pateryn is hit by Jack Eichel and loses puck.
6:55 of 1st period - Shot by Erik Karlsson.
6:55 of 1st period - Stopped by Jack Campbell with a rebound.
7:10 of 1st period - Off-side.
7:11 of 1st period - Eric Staal wins face-off versus Bryan Little in neutral zone.
7:15 of 1st period - Off-side.
7:16 of 1st period - Nick Schmaltz wins face-off versus Eric Staal in neutral zone.
7:18 of 1st period - Off-side.
7:19 of 1st period - Eric Staal wins face-off versus Derek Stepan in neutral zone.
7:22 of 1st period - Shot by Patrik Laine.
7:22 of 1st period - Shot Misses the Net.
7:25 of 1st period - Icing by Brenden Dillon.
7:26 of 1st period - Derek Stepan wins face-off versus Eric Staal in Bruins zone.
7:26 of 1st period - Derek Stepan is hit by Alexander Radulov.
7:49 of 1st period - Minor Penalty to Brenden Dillon for High sticking.
7:50 of 1st period - Rudolfs Balcers wins face-off versus Matthew Nieto in Bruins zone.
8:00 of 1st period - Alexander Radulov is hit by Joel Edmundson and loses puck.
8:03 of 1st period - Shot by Jake Gardiner.
8:03 of 1st period - Stopped by Jack Campbell with a rebound.
8:05 of 1st period - Shot by Rudolfs Balcers.
8:05 of 1st period - Stopped by Jack Campbell without a rebound.
8:06 of 1st period - Eric Staal wins face-off versus Tomas Hertl in Bruins zone.
8:25 of 1st period - Shot by Erik Karlsson.
8:25 of 1st period - Shot Misses the Net.
8:27 of 1st period - Shot by Brendan Gallagher.
8:27 of 1st period - Deflect By Max Domi.
8:27 of 1st period - Stopped by Jack Campbell without a rebound.
8:28 of 1st period - Tomas Hertl wins face-off versus Pius Suter in Bruins zone.
9:09 of 1st period - Shot by Taylor Hall.
9:09 of 1st period - Shot Blocked by Mattias Ekholm.
9:20 of 1st period - Icing by Alexander Radulov.
9:21 of 1st period - Tomas Hertl wins face-off versus Pius Suter in Maple Leafs zone.
10:47 of 1st period - Shot by Taylor Hall.
10:47 of 1st period - Shot Hit the Post.
10:49 of 1st period - Shot by Erik Karlsson.
10:49 of 1st period - Stopped by Jack Campbell without a rebound.
10:50 of 1st period - Jack Eichel wins face-off versus Eric Staal in Bruins zone.
10:54 of 1st period - Sam Reinhart is hit by Marcus Pettersson.
10:55 of 1st period - Minor Penalty to Erik Karlsson for Holding.
10:56 of 1st period - Noel Acciari wins face-off versus Jack Eichel in Maple Leafs zone.
11:06 of 1st period - Shot by Jack Eichel.
11:06 of 1st period - Shot Blocked by Greg Pateryn.
11:08 of 1st period - Shot by Mattias Ekholm.
11:08 of 1st period - Shot Misses the Net.
11:10 of 1st period - Shot by Tomas Hertl.
11:10 of 1st period - Goal by Tomas Hertl - Bruins : 2 - Maple Leafs : 1.
11:11 of 1st period - Eric Staal wins face-off versus Derek Stepan in neutral zone.
11:25 of 1st period - Icing by Eric Staal.
11:26 of 1st period - Eric Staal wins face-off versus Jack Eichel in Maple Leafs zone.
11:26 of 1st period - Eric Staal is hit by Jack Eichel.
11:41 of 1st period - Patrik Laine is hit by Haydn Fleury and loses puck.
11:48 of 1st period - Shot by Alexander Radulov.
11:48 of 1st period - Shot Misses the Net.
11:50 of 1st period - Shot by Jaccob Slavin.
11:50 of 1st period - Shot Misses the Net.
11:52 of 1st period - Shot by Patrik Laine.
11:52 of 1st period - Stopped by Jack Campbell with a rebound.
12:09 of 1st period - Dougie Hamilton is hit by Jack Eichel and loses puck.
12:23 of 1st period - Patrik Laine is hit by Olli Maatta and loses puck.
12:47 of 1st period - Icing by Marcus Pettersson.
12:48 of 1st period - Noel Acciari wins face-off versus Bryan Little in Maple Leafs zone.
13:15 of 1st period - Shot by Jakub Voracek.
13:15 of 1st period - Stopped by Juuse Saros without a rebound.
13:16 of 1st period - Max Domi wins face-off versus Nick Schmaltz in Maple Leafs zone.
13:18 of 1st period - Icing by Jake Evans.
13:19 of 1st period - Max Domi wins face-off versus Nick Schmaltz in Maple Leafs zone.
13:19 of 1st period - Max Domi is hit by Brenden Dillon.
13:32 of 1st period - Icing by Mario Ferraro.
13:33 of 1st period - Eric Staal wins face-off versus Nick Schmaltz in Bruins zone.
13:33 of 1st period - Eric Staal is hit by Mario Ferraro.
13:37 of 1st period - Shot by Alexander Radulov.
13:37 of 1st period - Stopped by Jack Campbell without a rebound.
13:38 of 1st period - Noel Acciari wins face-off versus Jack Eichel in Bruins zone.
13:53 of 1st period - Shot by Noel Acciari.
13:53 of 1st period - Shot Hit the Post.
13:55 of 1st period - Shot by Taylor Hall.
13:55 of 1st period - Shot Blocked by Joel Edmundson.
14:01 of 1st period - Shot by Taylor Hall.
14:01 of 1st period - Deflect By Brendan Gallagher.
14:01 of 1st period - Stopped by Jack Campbell without a rebound.
14:02 of 1st period - Eric Staal wins face-off versus Nick Schmaltz in Bruins zone.
14:03 of 1st period - Shot by Patrik Laine.
14:03 of 1st period - Shot Misses the Net.
14:12 of 1st period - Shot by Dominik Kubalik.
14:12 of 1st period - Stopped by Juuse Saros without a rebound.
14:13 of 1st period - Sam Reinhart wins face-off versus Noel Acciari in Maple Leafs zone.
14:14 of 1st period - Shot by Tomas Hertl.
14:14 of 1st period - Stopped by Juuse Saros without a rebound.
14:15 of 1st period - Noel Acciari wins face-off versus Jack Eichel in Maple Leafs zone.
14:28 of 1st period - Shot by Jack Eichel.
14:28 of 1st period - Shot Misses the Net.
15:16 of 1st period - Shot by Dominik Kubalik.
15:16 of 1st period - Shot Misses the Net.
15:38 of 1st period - Shot by Nick Schmaltz.
15:38 of 1st period - Stopped by Juuse Saros without a rebound.
15:39 of 1st period - Eric Staal wins face-off versus Bryan Little in Maple Leafs zone.
15:39 of 1st period - Eric Staal is hit by Bryan Little.
16:04 of 1st period - Shot by Eric Staal.
16:04 of 1st period - Shot Misses the Net.
16:13 of 1st period - Minor Penalty to Olli Maatta for Tripping.
16:14 of 1st period - Tomas Hertl wins face-off versus Pius Suter in Bruins zone.
16:27 of 1st period - Shot by Taylor Hall.
16:27 of 1st period - Stopped by Jack Campbell without a rebound.
16:28 of 1st period - Pius Suter wins face-off versus Tomas Hertl in Bruins zone.
16:45 of 1st period - Shot by Patrik Laine.
16:45 of 1st period - Stopped by Jack Campbell without a rebound.
16:46 of 1st period - Tomas Hertl wins face-off versus Eric Staal in Bruins zone.
17:11 of 1st period - Shot by Max Domi.
17:11 of 1st period - Deflect By Eric Staal.
17:11 of 1st period - Shot Blocked by Mario Ferraro.
17:13 of 1st period - Shot by Brendan Gallagher.
17:13 of 1st period - Shot Misses the Net.
17:50 of 1st period - Off-side.
17:51 of 1st period - Derek Stepan wins face-off versus Pius Suter in neutral zone.
17:58 of 1st period - Off-side.
17:59 of 1st period - Tomas Hertl wins face-off versus Pius Suter in neutral zone.
18:44 of 1st period - Olli Maatta is hit by Jake Evans.
19:24 of 1st period - Joel Edmundson is hit by William Carrier and loses puck.
Goals for this period are 2 for Bruins vs 1 for Maple Leafs.
Shots for this period are 7 for Bruins vs 19 for Maple Leafs.

2nd period


0:01 of 2nd period - Noel Acciari wins face-off versus Jack Eichel in neutral zone.
0:06 of 2nd period - Shot by Brendan Gallagher.
0:06 of 2nd period - Shot Misses the Net.
0:08 of 2nd period - Shot by Noel Acciari.
0:08 of 2nd period - Shot Misses the Net.
0:40 of 2nd period - Shot by Taylor Hall.
0:40 of 2nd period - Shot Misses the Net.
1:11 of 2nd period - Shot by Cole Caufield.
1:11 of 2nd period - Shot Misses the Net.
1:13 of 2nd period - Shot by Mario Ferraro.
1:13 of 2nd period - Shot Blocked by Noel Acciari.
1:15 of 2nd period - Shot by Derek Stepan.
1:15 of 2nd period - Shot Blocked by Greg Pateryn.
1:33 of 2nd period - Shot by Mario Ferraro.
1:33 of 2nd period - Stopped by Juuse Saros with a rebound.
2:59 of 2nd period - Shot by Dominik Kubalik.
2:59 of 2nd period - Shot Misses the Net.
3:23 of 2nd period - Mattias Ekholm is hit by Michael Grabner and loses puck.
4:17 of 2nd period - Icing by Erik Karlsson.
4:18 of 2nd period - Derek Stepan wins face-off versus Max Domi in Maple Leafs zone.
4:42 of 2nd period - Derek Stepan is hit by Jaccob Slavin and loses puck.
5:28 of 2nd period - Off-side.
5:29 of 2nd period - Pius Suter wins face-off versus Jack Eichel in neutral zone.
5:46 of 2nd period - Off-side.
5:47 of 2nd period - Noel Acciari wins face-off versus Jakub Voracek in neutral zone.
6:22 of 2nd period - Icing by Brenden Dillon.
6:23 of 2nd period - Eric Staal wins face-off versus Bryan Little in Bruins zone.
7:17 of 2nd period - Off-side.
7:18 of 2nd period - Noel Acciari wins face-off versus Jack Eichel in neutral zone.
7:18 of 2nd period - Noel Acciari is hit by Tomas Hertl.
7:23 of 2nd period - Taylor Hall is hit by Joel Edmundson.
7:27 of 2nd period - Shot by Taylor Hall.
7:27 of 2nd period - Shot Misses the Net.
7:28 of 2nd period - Minor Penalty to Joel Edmundson for Tripping.
7:29 of 2nd period - Pius Suter wins face-off versus Tomas Hertl in Bruins zone.
7:42 of 2nd period - Icing by Jake Gardiner.
7:43 of 2nd period - Tomas Hertl wins face-off versus Pius Suter in Maple Leafs zone.
7:50 of 2nd period - Shot by Matthew Nieto.
7:50 of 2nd period - Goal by Matthew Nieto - Bruins : 3 - Maple Leafs : 1.
7:51 of 2nd period - Eric Staal wins face-off versus Tomas Hertl in neutral zone.
7:59 of 2nd period - Shot by Erik Karlsson.
7:59 of 2nd period - Shot Misses the Net.
8:11 of 2nd period - Shot by Patrik Laine.
8:11 of 2nd period - Shot Misses the Net.
8:13 of 2nd period - Shot by Brendan Gallagher.
8:13 of 2nd period - Shot Blocked by Mario Ferraro.
8:15 of 2nd period - Shot by Erik Karlsson.
8:15 of 2nd period - Shot Misses the Net.
8:17 of 2nd period - Shot by Brendan Gallagher.
8:17 of 2nd period - Shot Blocked by Mattias Ekholm.
8:19 of 2nd period - Shot by Brendan Gallagher.
8:19 of 2nd period - Stopped by Jack Campbell with a rebound.
8:21 of 2nd period - Shot by Eric Staal.
8:21 of 2nd period - Stopped by Jack Campbell without a rebound.
8:22 of 2nd period - Pius Suter wins face-off versus Derek Stepan in Bruins zone.
8:31 of 2nd period - Shot by Rudolfs Balcers.
8:31 of 2nd period - Shot Misses the Net.
8:45 of 2nd period - Shot by Pius Suter.
8:45 of 2nd period - Stopped by Jack Campbell with a rebound.
8:47 of 2nd period - Shot by Jake Gardiner.
8:47 of 2nd period - Shot Misses the Net.
8:49 of 2nd period - Shot by Taylor Hall.
8:49 of 2nd period - Shot Blocked by Brenden Dillon.
8:51 of 2nd period - Shot by Jake Gardiner.
8:51 of 2nd period - Stopped by Jack Campbell without a rebound.
8:52 of 2nd period - Derek Stepan wins face-off versus Eric Staal in Bruins zone.
9:23 of 2nd period - Shot by Tomas Hertl.
9:23 of 2nd period - Shot Misses the Net.
9:28 of 2nd period - Tomas Hertl is hit by Jaccob Slavin and loses puck.
9:35 of 2nd period - Shot by Carter Verhaeghe.
9:35 of 2nd period - Stopped by Juuse Saros without a rebound.
9:36 of 2nd period - Nick Schmaltz wins face-off versus Pius Suter in Maple Leafs zone.
9:36 of 2nd period - Kirby Dach is hit by Dougie Hamilton and loses puck.
9:59 of 2nd period - Shot by Pius Suter.
9:59 of 2nd period - Stopped by Jack Campbell without a rebound.
10:00 of 2nd period - Noel Acciari wins face-off versus Bryan Little in Bruins zone.
10:21 of 2nd period - Shot by Taylor Hall.
10:21 of 2nd period - Goal by Taylor Hall - Bruins : 3 - Maple Leafs : 2.
10:22 of 2nd period - Jack Eichel wins face-off versus Eric Staal in neutral zone.
10:22 of 2nd period - Minor Penalty to Alexander Radulov for Roughing.
10:23 of 2nd period - William Carrier wins face-off versus Sam Reinhart in Maple Leafs zone.
11:48 of 2nd period - Shot by Bryan Little.
11:48 of 2nd period - Stopped by Juuse Saros without a rebound.
11:49 of 2nd period - Bryan Little wins face-off versus Noel Acciari in Maple Leafs zone.
11:54 of 2nd period - Shot by Carter Verhaeghe.
11:54 of 2nd period - Shot Blocked by Marcus Pettersson.
12:16 of 2nd period - Shot by Dominik Kubalik.
12:16 of 2nd period - Stopped by Juuse Saros without a rebound.
12:17 of 2nd period - Bryan Little wins face-off versus Jake Evans in Maple Leafs zone.
12:39 of 2nd period - Minor Penalty to Patrik Laine for Hooking.
12:40 of 2nd period - Bryan Little wins face-off versus Noel Acciari in Maple Leafs zone.
12:43 of 2nd period - Shot by Jakub Voracek.
12:43 of 2nd period - Stopped by Juuse Saros without a rebound.
12:44 of 2nd period - Jake Evans wins face-off versus Jack Eichel in Maple Leafs zone.
14:22 of 2nd period - Shot by Jack Eichel.
14:22 of 2nd period - Goal by Jack Eichel - Bruins : 4 - Maple Leafs : 2.
14:22 of 2nd period - Aaron Dell enters game.
14:23 of 2nd period - Eric Staal wins face-off versus Derek Stepan in neutral zone.
14:30 of 2nd period - Shot by Alexander Radulov.
14:30 of 2nd period - Stopped by Jack Campbell without a rebound.
14:31 of 2nd period - Jack Eichel wins face-off versus Eric Staal in Bruins zone.
15:02 of 2nd period - Shot by Sam Reinhart.
15:02 of 2nd period - Deflect By Jack Eichel.
15:02 of 2nd period - Stopped by Aaron Dell without a rebound.
15:03 of 2nd period - Noel Acciari wins face-off versus Bryan Little in Maple Leafs zone.
17:20 of 2nd period - Shot by Jack Eichel.
17:20 of 2nd period - Stopped by Aaron Dell without a rebound.
17:21 of 2nd period - Noel Acciari wins face-off versus Nick Schmaltz in Maple Leafs zone.
17:28 of 2nd period - Shot by Taylor Hall.
17:28 of 2nd period - Shot Hit the Post.
17:32 of 2nd period - Shot by Taylor Hall.
17:32 of 2nd period - Shot Blocked by Haydn Fleury.
17:45 of 2nd period - Minor Penalty to Brendan Gallagher for Holding.
17:46 of 2nd period - Jake Evans wins face-off versus Jack Eichel in Maple Leafs zone.
17:46 of 2nd period - Jake Evans is hit by Jack Eichel.
18:02 of 2nd period - Shot by Jack Eichel.
18:02 of 2nd period - Stopped by Aaron Dell with a rebound.
18:14 of 2nd period - Shot by Tomas Hertl.
18:14 of 2nd period - Stopped by Aaron Dell with a rebound.
18:42 of 2nd period - Icing by Tomas Hertl.
18:43 of 2nd period - Noel Acciari wins face-off versus Jack Eichel in Bruins zone.
19:05 of 2nd period - Mattias Ekholm is hit by Jaccob Slavin.
19:07 of 2nd period - Shot by Dominik Kubalik.
19:07 of 2nd period - Shot Blocked by Dougie Hamilton.
19:09 of 2nd period - Shot by Mattias Ekholm.
19:09 of 2nd period - Stopped by Aaron Dell with a rebound.
Goals for this period are 2 for Bruins vs 1 for Maple Leafs.
Shots for this period are 12 for Bruins vs 7 for Maple Leafs.

3rd period


0:01 of 3rd period - Jack Eichel wins face-off versus Noel Acciari in neutral zone.
0:01 of 3rd period - Jack Eichel is hit by Taylor Hall.
0:38 of 3rd period - Shot by Sam Reinhart.
0:38 of 3rd period - Stopped by Aaron Dell without a rebound.
0:39 of 3rd period - Derek Stepan wins face-off versus Patrik Laine in Maple Leafs zone.
0:39 of 3rd period - Mario Ferraro is hit by Marcus Pettersson and loses puck.
0:42 of 3rd period - Shot by Cole Caufield.
0:42 of 3rd period - Goal by Cole Caufield - Bruins : 5 - Maple Leafs : 2.
0:43 of 3rd period - Eric Staal wins face-off versus Nick Schmaltz in neutral zone.
0:55 of 3rd period - Off-side.
0:56 of 3rd period - Derek Stepan wins face-off versus Rudolfs Balcers in neutral zone.
1:48 of 3rd period - Matthew Nieto is hit by Brendan Gallagher and loses puck.
2:43 of 3rd period - Shot by Patrik Laine.
2:43 of 3rd period - Stopped by Jack Campbell without a rebound.
2:44 of 3rd period - Max Domi wins face-off versus Jack Eichel in Bruins zone.
3:01 of 3rd period - Shot by Jake Evans.
3:01 of 3rd period - Goal by Jake Evans - Bruins : 5 - Maple Leafs : 3.
3:02 of 3rd period - Nick Schmaltz wins face-off versus Eric Staal in neutral zone.
3:24 of 3rd period - Minor Penalty to Dougie Hamilton for Interference.
3:25 of 3rd period - Noel Acciari wins face-off versus Jack Eichel in Maple Leafs zone.
3:56 of 3rd period - Shot by Dominik Kubalik.
3:56 of 3rd period - Stopped by Aaron Dell without a rebound.
3:57 of 3rd period - Noel Acciari wins face-off versus Bryan Little in Maple Leafs zone.
4:07 of 3rd period - Off-side.
4:08 of 3rd period - Noel Acciari wins face-off versus Bryan Little in neutral zone.
4:08 of 3rd period - Jaccob Slavin is hit by Jakub Voracek and loses puck.
4:39 of 3rd period - Jaccob Slavin is hit by Carter Verhaeghe and loses puck.
5:14 of 3rd period - Shot by Erik Karlsson.
5:14 of 3rd period - Goal by Erik Karlsson - Bruins : 5 - Maple Leafs : 4.
5:15 of 3rd period - Noel Acciari wins face-off versus Jack Eichel in neutral zone.
5:38 of 3rd period - Shot by Kirby Dach.
5:38 of 3rd period - Goal by Kirby Dach - Bruins : 6 - Maple Leafs : 4.
5:39 of 3rd period - Noel Acciari wins face-off versus Jack Eichel in neutral zone.
6:25 of 3rd period - Off-side.
6:26 of 3rd period - Dominik Kubalik wins face-off versus Eric Staal in neutral zone.
6:55 of 3rd period - Off-side.
6:56 of 3rd period - Bryan Little wins face-off versus Pius Suter in neutral zone.
6:58 of 3rd period - Mattias Ekholm is hit by Dougie Hamilton and loses puck.
7:02 of 3rd period - Icing by Rudolfs Balcers.
7:03 of 3rd period - Michael Grabner wins face-off versus Bryan Little in Maple Leafs zone.
7:44 of 3rd period - Shot by Pius Suter.
7:44 of 3rd period - Deflect By Rudolfs Balcers.
7:44 of 3rd period - Shot Misses the Net.
8:24 of 3rd period - Shot by Taylor Hall.
8:24 of 3rd period - Stopped by Jack Campbell without a rebound.
8:25 of 3rd period - Nick Schmaltz wins face-off versus Eric Staal in Bruins zone.
8:32 of 3rd period - Greg Pateryn is hit by Nick Schmaltz and loses puck.
8:51 of 3rd period - Shot by Eric Staal.
8:51 of 3rd period - Stopped by Jack Campbell with a rebound.
8:59 of 3rd period - Shot by Alexander Radulov.
8:59 of 3rd period - Stopped by Jack Campbell without a rebound.
9:00 of 3rd period - Noel Acciari wins face-off versus Jack Eichel in Bruins zone.
9:14 of 3rd period - Brendan Gallagher is hit by Mattias Ekholm and loses puck.
9:26 of 3rd period - Icing by Taylor Hall.
9:27 of 3rd period - Noel Acciari wins face-off versus Bryan Little in Maple Leafs zone.
9:27 of 3rd period - Noel Acciari is hit by Brenden Dillon.
10:45 of 3rd period - Shot by Sam Reinhart.
10:45 of 3rd period - Shot Misses the Net.
10:47 of 3rd period - Shot by Mattias Ekholm.
10:47 of 3rd period - Shot Misses the Net.
10:49 of 3rd period - Shot by Joel Edmundson.
10:49 of 3rd period - Shot Misses the Net.
10:59 of 3rd period - Shot by Sam Reinhart.
10:59 of 3rd period - Stopped by Aaron Dell without a rebound.
11:00 of 3rd period - Eric Staal wins face-off versus Nick Schmaltz in Maple Leafs zone.
11:39 of 3rd period - Shot by Nick Schmaltz.
11:39 of 3rd period - Shot Misses the Net.
11:52 of 3rd period - Icing by Haydn Fleury.
11:53 of 3rd period - Pius Suter wins face-off versus Nick Schmaltz in Bruins zone.
11:54 of 3rd period - Shot by Michael Grabner.
11:54 of 3rd period - Stopped by Jack Campbell without a rebound.
11:55 of 3rd period - Jack Eichel wins face-off versus Pius Suter in Bruins zone.
11:55 of 3rd period - Jack Eichel is hit by Rudolfs Balcers.
13:08 of 3rd period - Shot by Carter Verhaeghe.
13:08 of 3rd period - Stopped by Aaron Dell without a rebound.
13:09 of 3rd period - Eric Staal wins face-off versus Derek Stepan in Maple Leafs zone.
13:30 of 3rd period - Shot by Eric Staal.
13:30 of 3rd period - Stopped by Jack Campbell without a rebound.
13:31 of 3rd period - Bryan Little wins face-off versus Noel Acciari in Bruins zone.
13:41 of 3rd period - Minor Penalty to Carter Verhaeghe for Slashing.
13:42 of 3rd period - Tomas Hertl wins face-off versus Pius Suter in Bruins zone.
13:42 of 3rd period - Mattias Ekholm is hit by Alexander Radulov and loses puck.
13:53 of 3rd period - Shot by Erik Karlsson.
13:53 of 3rd period - Deflect By Alexander Radulov.
13:53 of 3rd period - Shot Misses the Net.
13:55 of 3rd period - Shot by Alexander Radulov.
13:55 of 3rd period - Stopped by Jack Campbell without a rebound.
13:56 of 3rd period - Eric Staal wins face-off versus Tomas Hertl in Bruins zone.
14:03 of 3rd period - Shot by Taylor Hall.
14:03 of 3rd period - Shot Misses the Net.
14:32 of 3rd period - Shot by Max Domi.
14:32 of 3rd period - Stopped by Jack Campbell with a rebound.
14:42 of 3rd period - Joel Edmundson is hit by Brendan Gallagher and loses puck.
16:03 of 3rd period - Shot by Noel Acciari.
16:03 of 3rd period - Shot Misses the Net.
16:07 of 3rd period - Shot by Dougie Hamilton.
16:07 of 3rd period - Shot Hit the Post.
16:09 of 3rd period - Shot by Jaccob Slavin.
16:09 of 3rd period - Stopped by Jack Campbell without a rebound.
16:10 of 3rd period - Pius Suter wins face-off versus Bryan Little in Bruins zone.
17:19 of 3rd period - Shot by Alexander Radulov.
17:19 of 3rd period - Deflect By Eric Staal.
17:19 of 3rd period - Shot Misses the Net.
17:27 of 3rd period - Shot by Jaccob Slavin.
17:27 of 3rd period - Shot Misses the Net.
18:02 of 3rd period - Haydn Fleury is hit by Noel Acciari and loses puck.
18:14 of 3rd period - Shot by Taylor Hall.
18:14 of 3rd period - Stopped by Jack Campbell without a rebound.
18:15 of 3rd period - Nick Schmaltz wins face-off versus Max Domi in Bruins zone.
19:05 of 3rd period - Max Domi is hit by Derek Stepan and loses puck.
19:18 of 3rd period - Shot by Cole Caufield.
19:18 of 3rd period - Shot Misses the Net.
19:35 of 3rd period - Off-side.
19:36 of 3rd period - Taylor Hall wins face-off versus Jack Eichel in neutral zone.
19:47 of 3rd period - Shot by Sam Reinhart.
19:47 of 3rd period - Stopped by Aaron Dell without a rebound.
19:48 of 3rd period - Eric Staal wins face-off versus Bryan Little in Maple Leafs zone.
Goals for this period are 2 for Bruins vs 2 for Maple Leafs.
Shots for this period are 7 for Bruins vs 12 for Maple Leafs.